Spitfire vs Sewer Rats
Created - 8 mars 2014 at 19:46
Goals
|
| Spitfire |
1 |
3 |
3 |
7 |
| Sewer Rats |
0 |
5 |
1 |
6 |
|
Shots
|
| Spitfire |
17 |
15 |
10 |
42 |
| Sewer Rats |
8 |
18 |
7 |
33 |
|
1st period
1. Spitfire , Rick Schofield 15 (Mathieu Roy, Peter Harrold) at 19:31
Penalties :
Max Pacioretty (Tol) for Interference (Minor) at 3:10, Lars Eller (Tol) for Roughing (Minor) at 15:57, Kris Beech (Val) for Interference (Minor) at 19:59
2nd period
2. Sewer Rats , Max Pacioretty 35 (Dustin Byfuglien, Kyle Turris) at 0:06 (PP)
3. Sewer Rats , Stéphane Yelle 31 (Vojtech Polak, Dustin Byfuglien) at 4:13
4. Sewer Rats , Niko Dimitrakos 16 (Mike Mottau, Stéphane Yelle) at 9:03 (SH)
5. Spitfire , Rick Schofield 16 (Paul Bissonnette, Mathieu Roy) at 9:50
6. Sewer Rats , Brandon Sutter 10 (John Erskine, Niko Dimitrakos) at 13:01
7. Spitfire , Kris Beech 23 (Tim Kennedy, Denis Shvidki) at 13:23
8. Sewer Rats , Dustin Byfuglien 48 (Kyle Turris, Zach Bogosian) at 16:48
9. Spitfire , Mathieu Roy 7 (Denis Shvidki, Tim Kennedy) at 18:34 (PP)
Penalties :
Rick Schofield (Val) for Holding (Minor) at 4:43, Matt Lashoff (Tol) for Interference (Minor) at 7:43, Kyle Turris (Tol) for Tripping (Minor) at 13:37, Patrick Bordeleau (Tol) for Interference (Minor) at 17:38, Dustin Byfuglien (Tol) for Slashing (Minor) at 18:59
3rd period
10. Spitfire , Mathieu Roy 8 (Tim Kennedy, Kris Beech) at 11:35 (PP)
11. Sewer Rats , Brandon Sutter 11 (John-Michael Liles) at 14:56
12. Spitfire , MacGregor Sharp 3 (Mathieu Roy, Peter Harrold) at 16:18
13. Spitfire , Peter Harrold 5 (Denis Shvidki, Todd Ford) at 19:15 (PP)
Penalties :
Andrew Campbell (Val) for Hooking (Minor) at 2:45, Mike Mottau (Tol) for Hooking (Minor) at 11:22, John-Michael Liles (Tol) for Elbowing (Minor) at 12:26, Patrick Bordeleau (Tol) for Hooking (Minor) at 19:00
Goalie Stats
Todd Ford (Val), 27 saves from 33 shots - (0,818), W, 18-12-4, 60:00 minutes
Jhonas Enroth (Tol), 35 saves from 42 shots - (0,833), L, 14-11-1, 59:29 minutes
Players Stats for Spitfire
Player Name G A P +/- PIM S H SB GA TA FO MP PP MP PK MP
------------------------------------------------------------------------------------
Andrew Campbell 0 0 0 -2 2 0 0 0 0 0 0/0 9:44 0:38 0:00
Brad Staubitz 0 0 0 0 0 3 0 1 2 0 2/2 13:02 0:11 0:00
Danny Syvret 0 0 0 -3 0 3 1 0 0 0 0/0 17:26 3:06 1:40
Denis Shvidki 0 3 3 -2 0 6 5 1 0 0 3/7 25:22 6:30 2:06
Eric Mestery 0 0 0 0 0 0 0 0 0 0 0/0 4:01 0:00 0:00
Erik Condra 0 0 0 1 0 0 0 2 0 0 0/0 18:21 6:37 0:55
Josh Brittain 0 0 0 0 0 0 0 0 0 0 0/0 0:00 0:00 0:00
Keaton Ellerby 0 0 0 -3 0 2 0 0 0 0 0/0 17:22 3:06 1:40
Kris Beech 1 1 2 -2 2 3 3 0 1 1 21/37 22:45 6:21 1:56
MacGregor Sharp 1 0 1 0 0 5 2 1 0 0 2/6 12:40 0:00 0:16
Mathieu Roy 2 3 5 4 0 8 4 0 1 1 0/0 29:20 9:34 2:25
Matt Delahey 0 0 0 0 0 0 1 0 0 0 0/0 4:01 0:00 0:00
Michael Stone 0 0 0 -2 0 0 0 0 0 1 0/0 9:17 0:38 0:00
Patrick Davis 0 0 0 0 0 0 0 0 0 0 0/0 0:27 0:11 0:00
Paul Bissonnette 0 1 1 1 0 0 2 2 0 0 0/1 17:27 6:37 0:00
Peter Harrold 1 2 3 4 0 5 0 2 2 0 0/0 29:20 9:34 2:25
Radek Smolenak 0 0 0 0 0 1 1 0 0 0 0/1 14:12 0:00 1:18
Raymond Sawada 0 0 0 0 0 1 0 0 0 1 0/0 5:38 0:20 0:00
Rick Schofield 2 0 2 1 2 3 2 2 1 0 3/6 17:33 6:37 0:00
Tim Kennedy 0 3 3 -2 0 2 0 0 0 0 1/2 21:42 6:30 0:55
Tony Lucia 0 0 0 0 0 0 1 0 0 0 1/1 6:12 0:00 0:44
Players Stats for Sewer Rats
Player Name G A P +/- PIM S H SB GA TA FO MP PP MP PK MP
------------------------------------------------------------------------------------
Brandon Sutter 2 0 2 1 0 2 0 0 0 0 3/3 11:52 0:00 2:40
Dustin Byfuglien 1 2 3 -1 2 6 1 2 2 1 0/3 23:09 2:09 6:40
John Erskine 0 1 1 1 0 0 0 0 0 0 0/0 16:11 0:00 8:08
John-Michael Liles 0 1 1 0 2 5 2 0 0 3 0/0 26:55 2:48 7:04
Kyle Okposo 0 0 0 -1 0 0 0 0 0 0 0/0 11:59 1:56 0:00
Kyle Quincey 0 0 0 1 0 0 0 0 0 0 0/0 7:37 1:17 0:00
Kyle Turris 0 2 2 0 2 2 1 0 0 1 14/30 16:39 2:09 0:20
Lars Eller 0 0 0 -1 2 0 0 0 0 0 6/8 12:11 1:56 0:00
Mark Mancari 0 0 0 1 0 1 1 1 0 0 0/0 8:37 0:00 0:00
Matt Lashoff 0 0 0 -3 2 0 1 2 0 0 0/0 16:21 0:00 4:21
Max Pacioretty 1 0 1 1 2 6 0 0 0 0 1/3 19:11 2:09 1:53
Mike Funk 0 0 0 3 0 1 0 0 0 0 0/0 10:09 0:00 2:35
Mike Mottau 0 1 1 -1 2 3 0 2 1 1 0/0 18:00 1:17 4:28
Niko Dimitrakos 1 1 2 1 0 2 1 1 0 0 0/2 12:27 0:00 3:22
Patrick Bordeleau 0 0 0 0 4 0 3 0 0 0 0/0 8:49 0:00 0:11
Stéphane Yelle 1 1 2 0 0 1 1 2 0 0 4/12 15:40 0:00 6:53
Steven Kampfer 0 0 0 1 0 0 0 0 0 0 0/0 7:03 0:00 0:00
Ville Leino 0 0 0 -1 0 2 1 0 1 1 0/0 12:44 1:56 0:48
Vojtech Polak 0 1 1 2 0 1 0 1 0 0 2/2 12:39 0:00 3:49
Zach Bogosian 0 1 1 0 0 1 3 0 0 0 0/0 18:20 2:48 0:00
3 Stars
1 - Mathieu Roy (Val)
2 - Peter Harrold (Val)
3 - Brandon Sutter (Tol)
Power Play
Spitfire - 3 on 9 Attempt(s) - 33,33%
Sewer Rats - 1 on 3 Attempt(s) - 33,33%
Penalty Kill
Spitfire - 2 on 3 Attempt(s) - 66,67%
- Score 0 goal in Penalty Kill
Sewer Rats - 6 on 9 Attempt(s) - 66,67%
- Score 1 goal in Penalty Kill
Official
Referees : Fraser Kerry and Walkom Stephen
Linesman : Pierre Champoux and Lonnie Cameron
Game Notes
No Game Note
Finance
Level 1 -- Attendance: 1466 (73,30%) -- Ticket Income 43 980 $
Level 2 -- Attendance: 774 (77,40%) -- Ticket Income 9 288 $
Total Attendance: 2240 (74,67%)
Total Ticket Income: 53 268 $
Other Income: 2 663 $
Total Income: 55 931 $
Spitfire
5 vs 5 Forward
Center Left Wing Right Wing Time % Phy DF OF
1 Kris Beech Tim Kennedy Denis Shvidki 40 1 2 2
2 Rick Schofield Paul Bissonnette Erik Condra 30 1 2 2
3 MacGregor Sharp Radek Smolenak Brad Staubitz 20 1 2 2
4 Denis Shvidki Tony Lucia Raymond Sawada 10 1 2 2
5 vs 5 Defense
Defense Defense Time % Phy DF OF
1 Mathieu Roy Peter Harrold 40 1 2 2
2 Keaton Ellerby Danny Syvret 30 1 2 2
3 Andrew Campbell Michael Stone 20 1 2 2
4 Matt Delahey Eric Mestery 10 1 2 2
PowerPlay Forward
Center Left Wing Right Wing Time % Phy DF OF
1 Kris Beech Tim Kennedy Denis Shvidki 60 1 2 2
2 Rick Schofield Paul Bissonnette Erik Condra 40 1 2 2
PowerPlay Defense
Defense Defense Time % Phy DF OF
1 Mathieu Roy Peter Harrold 60 1 2 2
2 Keaton Ellerby Danny Syvret 40 1 2 2
Penalty Kill 4 Players Forward
Center Wing Time % Phy DF OF
1 Denis Shvidki Kris Beech 60 1 2 2
2 Tim Kennedy Erik Condra 40 1 2 2
Penalty Kill 4 Players Defense
Defense Defense Time % Phy DF OF
1 Mathieu Roy Peter Harrold 60 1 2 2
2 Keaton Ellerby Danny Syvret 40 1 2 2
Penalty Kill - 3 Players Forward
Forward Time % Phy DF OF
1 Denis Shvidki 60 1 2 2
2 Kris Beech 40 1 2 2
Penalty Kill - 3 Players Defense
Defense Defense Time % Phy DF OF
1 Mathieu Roy Peter Harrold 60 1 2 2
2 Keaton Ellerby Danny Syvret 40 1 2 2
4 vs 4 Forward
Center Wing Time % Phy DF OF
1 Denis Shvidki Kris Beech 60 1 2 2
2 Tim Kennedy Erik Condra 40 1 2 2
4 vs 4 Defense
Defense Defense Time % Phy DF OF
1 Mathieu Roy Peter Harrold 60 1 2 2
2 Keaton Ellerby Danny Syvret 40 1 2 2
Last Minutes Offensive
Center Left Wing Right Wing Defense Defense
Kris Beech Tim Kennedy Denis Shvidki Mathieu Roy Peter Harrold
Last Minutes Defensive
Center Left Wing Right Wing Defense Defense
Kris Beech Tim Kennedy Denis Shvidki Mathieu Roy Peter Harrold
Goaltenders
Starting : Todd Ford
Backup : Yann Danis
Extra Forwards
Normal : Brad Staubitz, Raymond Sawada, Radek Smolenak - PP : Brad Staubitz, Raymond Sawada - PK : Radek Smolenak
Extra Defensemen
Normal : Andrew Campbell, Michael Stone, Matt Delahey - PP : Andrew Campbell - PK : Michael Stone, Matt Delahey
Penalty Shots
Denis Shvidki, Kris Beech, Tim Kennedy, Erik Condra, Brad Staubitz
Sewer Rats
5 vs 5 Forward
Center Left Wing Right Wing Time % Phy DF OF
1 Kyle Turris Max Pacioretty Dustin Byfuglien 40 1 2 2
2 Lars Eller Ville Leino Kyle Okposo 30 1 2 2
3 Stéphane Yelle Vojtech Polak Mark Mancari 15 1 2 2
4 Brandon Sutter Patrick Bordeleau Niko Dimitrakos 15 1 2 2
5 vs 5 Defense
Defense Defense Time % Phy DF OF
1 Zach Bogosian John-Michael Liles 40 1 2 2
2 Matt Lashoff Mike Mottau 30 1 2 2
3 John Erskine Kyle Quincey 20 1 2 2
4 Steven Kampfer Mike Funk 10 1 2 2
PowerPlay Forward
Center Left Wing Right Wing Time % Phy DF OF
1 Kyle Turris Max Pacioretty Dustin Byfuglien 60 1 2 2
2 Lars Eller Ville Leino Kyle Okposo 40 1 2 2
PowerPlay Defense
Defense Defense Time % Phy DF OF
1 Zach Bogosian John-Michael Liles 60 1 2 2
2 Kyle Quincey Mike Mottau 40 1 2 2
Penalty Kill 4 Players Forward
Center Wing Time % Phy DF OF
1 Stéphane Yelle Dustin Byfuglien 60 1 2 2
2 Niko Dimitrakos Vojtech Polak 40 1 2 2
Penalty Kill 4 Players Defense
Defense Defense Time % Phy DF OF
1 John Erskine John-Michael Liles 60 1 2 2
2 Matt Lashoff Mike Mottau 40 1 2 2
Penalty Kill - 3 Players Forward
Forward Time % Phy DF OF
1 Stéphane Yelle 60 1 2 2
2 Dustin Byfuglien 40 1 2 2
Penalty Kill - 3 Players Defense
Defense Defense Time % Phy DF OF
1 John Erskine John-Michael Liles 60 1 2 2
2 Matt Lashoff Mike Mottau 40 1 2 2
4 vs 4 Forward
Center Wing Time % Phy DF OF
1 Stéphane Yelle Dustin Byfuglien 60 1 2 2
2 Kyle Turris Niko Dimitrakos 40 1 2 2
4 vs 4 Defense
Defense Defense Time % Phy DF OF
1 Zach Bogosian John-Michael Liles 60 1 2 2
2 Matt Lashoff Mike Mottau 40 1 2 2
Last Minutes Offensive
Center Left Wing Right Wing Defense Defense
Kyle Turris Max Pacioretty Dustin Byfuglien Zach Bogosian John-Michael Liles
Last Minutes Defensive
Center Left Wing Right Wing Defense Defense
Stéphane Yelle Vojtech Polak Dustin Byfuglien Matt Lashoff John-Michael Liles
Goaltenders
Starting : Jhonas Enroth
Backup : Semyon Varlamov
Extra Forwards
Normal : Mark Mancari, Kyle Okposo, Vojtech Polak - PP : Mark Mancari, Kyle Okposo - PK : Vojtech Polak
Extra Defensemen
Normal : Zach Bogosian, Mike Funk, Mike Mottau - PP : Zach Bogosian - PK : Mike Funk, Mike Mottau
Penalty Shots
Stéphane Yelle, Dustin Byfuglien, Niko Dimitrakos, Kyle Turris, Ville Leino
% Time on Ice - Spitfire
Lines # - Real PCT - Wanted PCT - Time Play
Normal Forward
1 - 35% - 40% - 14:32
2 - 26% - 30% - 10:55
3 - 28% - 20% - 11:38
4 - 11% - 10% - 4:48
Normal Defense
1 - 40% - 40% - 16:37
2 - 30% - 30% - 12:45
3 - 20% - 20% - 8:30
4 - 10% - 10% - 4:01
PP Forward
1 - 50% - 60% - 6:41
2 - 50% - 40% - 6:37
PP Defense
1 - 72% - 60% - 9:34
2 - 28% - 40% - 3:44
PK Forward
1 - 78% - 60% - 3:10
2 - 22% - 40% - 0:55
PK Defense
1 - 59% - 60% - 2:25
2 - 41% - 40% - 1:40
PK3 Forward
1 - 0% - 60%
2 - 0% - 40%
PK3 Defense
1 - 0% - 60%
2 - 0% - 40%
44 Forward
1 - 0% - 60%
2 - 0% - 40%
44 Defense
1 - 0% - 60%
2 - 0% - 40%
Last Minute Offensive - 0:00
Last Minute Defensive - 0:44
Total
Forward - 60:00
Defense - 60:00
|
% Time on Ice - Sewer Rats
Lines # - Real PCT - Wanted PCT - Time Play
Normal Forward
1 - 34% - 40% - 14:08
2 - 25% - 30% - 10:28
3 - 21% - 15% - 8:37
4 - 21% - 15% - 8:40
Normal Defense
1 - 40% - 40% - 16:37
2 - 29% - 30% - 11:59
3 - 15% - 20% - 6:14
4 - 17% - 10% - 7:03
PP Forward
1 - 53% - 60% - 2:09
2 - 47% - 40% - 1:56
PP Defense
1 - 69% - 60% - 2:48
2 - 31% - 40% - 1:17
PK Forward
1 - 75% - 60% - 9:56
2 - 25% - 40% - 3:22
PK Defense
1 - 61% - 60% - 8:08
2 - 39% - 40% - 5:10
PK3 Forward
1 - 0% - 60%
2 - 0% - 40%
PK3 Defense
1 - 0% - 60%
2 - 0% - 40%
44 Forward
1 - 0% - 60%
2 - 0% - 40%
44 Defense
1 - 0% - 60%
2 - 0% - 40%
Last Minute Offensive - 0:44
Last Minute Defensive - 0:00
Total
Forward - 60:00
Defense - 60:00
|
Play by Play
1st period
0:01 of 1st period - Kyle Turris wins face-off versus Kris Beech in neutral zone.
0:26 of 1st period - John-Michael Liles is hit by Paul Bissonnette and loses puck.
0:59 of 1st period - Radek Smolenak is hit by Matt Lashoff and loses puck.
1:14 of 1st period - Slapshot by MacGregor Sharp.
1:14 of 1st period - Stopped by Jhonas Enroth with a rebound.
1:16 of 1st period - Slapshot by Radek Smolenak.
1:16 of 1st period - Shot Misses the Net.
1:18 of 1st period - Snap shot by Brad Staubitz.
1:18 of 1st period - Stopped by Jhonas Enroth with a rebound.
1:20 of 1st period - Slapshot by Keaton Ellerby.
1:20 of 1st period - Shot Blocked by Matt Lashoff.
1:22 of 1st period - Snap shot by Brad Staubitz.
1:22 of 1st period - Shot Misses the Net.
1:42 of 1st period - Slapshot by Danny Syvret.
1:42 of 1st period - Deflect By Stéphane Yelle.
1:42 of 1st period - Stopped by Jhonas Enroth with a rebound.
1:44 of 1st period - Slapshot by Keaton Ellerby.
1:44 of 1st period - Shot Misses the Net.
2:06 of 1st period - Snap shot by MacGregor Sharp.
2:06 of 1st period - Stopped by Jhonas Enroth with a rebound.
2:10 of 1st period - Wrist shot by MacGregor Sharp.
2:10 of 1st period - Stopped by Jhonas Enroth with a rebound.
2:48 of 1st period - Backhand shot by Radek Smolenak.
2:48 of 1st period - Stopped by Jhonas Enroth without a rebound.
2:49 of 1st period - Kris Beech wins face-off versus Kyle Turris in Sewer Rats zone.
3:10 of 1st period - Minor Penalty to Max Pacioretty for Interference.
3:11 of 1st period - Brandon Sutter wins face-off versus Kris Beech in Sewer Rats zone.
3:44 of 1st period - Slapshot by Peter Harrold.
3:44 of 1st period - Stopped by Jhonas Enroth with a rebound.
3:46 of 1st period - Snap shot by Peter Harrold.
3:46 of 1st period - Deflect By John Erskine.
3:46 of 1st period - Stopped by Jhonas Enroth with a rebound.
5:10 of 1st period - Penalty to Max Pacioretty is over, Max Pacioretty is back on ice.
5:29 of 1st period - Slapshot by Kyle Okposo.
5:29 of 1st period - Shot Misses the Net.
6:40 of 1st period - MacGregor Sharp is hit by Patrick Bordeleau and loses puck.
7:38 of 1st period - Icing by Matt Delahey.
7:39 of 1st period - Tony Lucia wins face-off versus Kyle Turris in Spitfire zone.
8:50 of 1st period - Icing by Brandon Sutter.
8:51 of 1st period - Stéphane Yelle wins face-off versus Radek Smolenak in Sewer Rats zone.
8:51 of 1st period - Stéphane Yelle is hit by Tony Lucia.
9:17 of 1st period - Wrist shot by Dustin Byfuglien.
9:17 of 1st period - Stopped by Todd Ford with a rebound.
9:21 of 1st period - Wrist shot by Dustin Byfuglien.
9:21 of 1st period - Shot Misses the Net.
9:23 of 1st period - Slapshot by Mike Funk.
9:23 of 1st period - Stopped by Todd Ford with a rebound.
9:25 of 1st period - Snap shot by Dustin Byfuglien.
9:25 of 1st period - Shot Misses the Net.
9:27 of 1st period - Snap shot by Dustin Byfuglien.
9:27 of 1st period - Stopped by Todd Ford without a rebound.
9:28 of 1st period - Lars Eller wins face-off versus Kris Beech in Spitfire zone.
10:37 of 1st period - Kris Beech is hit by Ville Leino and loses puck.
10:54 of 1st period - Wrist shot by Paul Bissonnette.
10:54 of 1st period - Shot Misses the Net.
11:00 of 1st period - Slapshot by Rick Schofield.
11:00 of 1st period - Stopped by Jhonas Enroth without a rebound.
11:01 of 1st period - Kyle Turris wins face-off versus Rick Schofield in Sewer Rats zone.
11:08 of 1st period - Slapshot by Max Pacioretty.
11:08 of 1st period - Stopped by Todd Ford with a rebound.
11:10 of 1st period - Wrist shot by Dustin Byfuglien.
11:10 of 1st period - Shot Hit the Post.
11:12 of 1st period - Slapshot by Mike Mottau.
11:12 of 1st period - Shot Blocked by Paul Bissonnette.
11:14 of 1st period - Wrist shot by Kyle Turris.
11:14 of 1st period - Shot Misses the Net.
11:16 of 1st period - Slapshot by Mike Mottau.
11:16 of 1st period - Stopped by Todd Ford with a rebound.
12:10 of 1st period - Snap shot by MacGregor Sharp.
12:10 of 1st period - Shot Misses the Net.
12:12 of 1st period - Wrist shot by Danny Syvret.
12:12 of 1st period - Stopped by Jhonas Enroth without a rebound.
12:13 of 1st period - Brad Staubitz wins face-off versus Kyle Turris in Sewer Rats zone.
12:14 of 1st period - Slapshot by Mathieu Roy.
12:14 of 1st period - Deflect By Brad Staubitz.
12:14 of 1st period - Stopped by Jhonas Enroth with a rebound.
12:38 of 1st period - Kyle Okposo is hit by Denis Shvidki and loses puck.
13:04 of 1st period - Slapshot by Erik Condra.
13:04 of 1st period - Shot Misses the Net.
13:06 of 1st period - Snap shot by Rick Schofield.
13:06 of 1st period - Shot Misses the Net.
13:08 of 1st period - Wrist shot by Mathieu Roy.
13:08 of 1st period - Shot Blocked by Mike Mottau.
13:10 of 1st period - Slapshot by Peter Harrold.
13:10 of 1st period - Stopped by Jhonas Enroth with a rebound.
13:27 of 1st period - Wrist shot by Dustin Byfuglien.
13:27 of 1st period - Deflect By Brad Staubitz.
13:27 of 1st period - Stopped by Todd Ford with a rebound.
13:41 of 1st period - Stéphane Yelle is hit by Radek Smolenak and loses puck.
13:58 of 1st period - Snap shot by Ville Leino.
13:58 of 1st period - Shot Misses the Net.
14:00 of 1st period - Slapshot by John Erskine.
14:00 of 1st period - Shot Blocked by Erik Condra.
14:02 of 1st period - Snap shot by Kyle Okposo.
14:02 of 1st period - Shot Blocked by Erik Condra.
14:06 of 1st period - Slapshot by Ville Leino.
14:06 of 1st period - Shot Misses the Net.
14:37 of 1st period - Icing by Patrick Bordeleau.
14:38 of 1st period - Kyle Turris wins face-off versus MacGregor Sharp in Sewer Rats zone.
15:03 of 1st period - Zach Bogosian is hit by Denis Shvidki and loses puck.
15:11 of 1st period - Off-side.
15:12 of 1st period - Rick Schofield wins face-off versus Kyle Turris in neutral zone.
15:15 of 1st period - Slapshot by Mathieu Roy.
15:15 of 1st period - Stopped by Jhonas Enroth without a rebound.
15:16 of 1st period - Kyle Turris wins face-off versus Paul Bissonnette in Sewer Rats zone.
15:23 of 1st period - Slapshot by John-Michael Liles.
15:23 of 1st period - Stopped by Todd Ford with a rebound.
15:25 of 1st period - Slapshot by John-Michael Liles.
15:25 of 1st period - Stopped by Todd Ford with a rebound.
15:27 of 1st period - Wrist shot by Max Pacioretty.
15:27 of 1st period - Shot Misses the Net.
15:49 of 1st period - Wrist shot by Denis Shvidki.
15:49 of 1st period - Stopped by Jhonas Enroth with a rebound.
15:57 of 1st period - Minor Penalty to Lars Eller for Roughing.
15:58 of 1st period - Kris Beech wins face-off versus Stéphane Yelle in Sewer Rats zone.
16:11 of 1st period - Tim Kennedy is hit by Stéphane Yelle and loses puck.
17:49 of 1st period - Snap shot by Raymond Sawada.
17:49 of 1st period - Stopped by Jhonas Enroth without a rebound.
17:50 of 1st period - Brad Staubitz wins face-off versus Niko Dimitrakos in Sewer Rats zone.
17:57 of 1st period - Penalty to Lars Eller is over, Lars Eller is back on ice.
18:27 of 1st period - John Erskine is hit by Paul Bissonnette and loses puck.
18:57 of 1st period - Niko Dimitrakos is hit by MacGregor Sharp.
19:31 of 1st period - Slapshot by Mathieu Roy.
19:31 of 1st period - Deflect By Rick Schofield.
19:31 of 1st period - Goal by Rick Schofield - Spitfire : 1 - Sewer Rats : 0.
19:32 of 1st period - Denis Shvidki wins face-off versus Kyle Turris in neutral zone.
19:37 of 1st period - Snap shot by Tim Kennedy.
19:37 of 1st period - Deflect By Kris Beech.
19:37 of 1st period - Shot Misses the Net.
19:37 of 1st period - Puck is out of play.
19:38 of 1st period - Tim Kennedy wins face-off versus Max Pacioretty in Sewer Rats zone.
19:41 of 1st period - Backhand shot by Denis Shvidki.
19:41 of 1st period - Stopped by Jhonas Enroth with a rebound.
19:59 of 1st period - Minor Penalty to Kris Beech for Interference.
Goals for this period are 1 for Spitfire vs 0 for Sewer Rats.
Shots for this period are 17 for Spitfire vs 8 for Sewer Rats.
2nd period
0:01 of 2nd period - Kyle Turris wins face-off versus Denis Shvidki in neutral zone.
0:06 of 2nd period - Wrist shot by Max Pacioretty.
0:06 of 2nd period - Goal by Max Pacioretty - Spitfire : 1 - Sewer Rats : 1.
0:07 of 2nd period - Kyle Turris wins face-off versus Kris Beech in neutral zone.
0:19 of 2nd period - Snap shot by Denis Shvidki.
0:19 of 2nd period - Stopped by Jhonas Enroth without a rebound.
0:20 of 2nd period - Kyle Turris wins face-off versus Kris Beech in Sewer Rats zone.
0:25 of 2nd period - Snap shot by John-Michael Liles.
0:25 of 2nd period - Stopped by Todd Ford with a rebound.
0:27 of 2nd period - Slapshot by John-Michael Liles.
0:27 of 2nd period - Shot Misses the Net.
0:29 of 2nd period - Snap shot by Dustin Byfuglien.
0:29 of 2nd period - Shot Hit the Post.
0:31 of 2nd period - Wrist shot by Max Pacioretty.
0:31 of 2nd period - Shot Misses the Net.
0:33 of 2nd period - Slapshot by Kyle Turris.
0:33 of 2nd period - Shot Misses the Net.
0:35 of 2nd period - Snap shot by Dustin Byfuglien.
0:35 of 2nd period - Deflect By Max Pacioretty.
0:35 of 2nd period - Stopped by Todd Ford with a rebound.
0:47 of 2nd period - Kyle Okposo is hit by Rick Schofield and loses puck.
1:12 of 2nd period - Wrist shot by Brandon Sutter.
1:12 of 2nd period - Shot Misses the Net.
1:34 of 2nd period - Kyle Quincey is hit by Danny Syvret and loses puck.
1:56 of 2nd period - Wrist shot by Dustin Byfuglien.
1:56 of 2nd period - Deflect By Rick Schofield.
1:56 of 2nd period - Shot Blocked by Peter Harrold.
1:56 of 2nd period - Puck is out of play.
1:57 of 2nd period - Lars Eller wins face-off versus Kris Beech in Spitfire zone.
2:29 of 2nd period - Wrist shot by Max Pacioretty.
2:29 of 2nd period - Shot Misses the Net.
2:31 of 2nd period - Slapshot by Mike Mottau.
2:31 of 2nd period - Stopped by Todd Ford with a rebound.
2:33 of 2nd period - Slapshot by Mike Mottau.
2:33 of 2nd period - Shot Blocked by Paul Bissonnette.
3:25 of 2nd period - Kyle Okposo is hit by Mathieu Roy and loses puck.
3:49 of 2nd period - Snap shot by Kyle Okposo.
3:49 of 2nd period - Shot Blocked by MacGregor Sharp.
4:11 of 2nd period - Wrist shot by Vojtech Polak.
4:11 of 2nd period - Stopped by Todd Ford with a rebound.
4:13 of 2nd period - Wrist shot by Stéphane Yelle.
4:13 of 2nd period - Goal by Stéphane Yelle - Spitfire : 1 - Sewer Rats : 2.
4:14 of 2nd period - Kyle Turris wins face-off versus Kris Beech in neutral zone.
4:14 of 2nd period - Kyle Turris is hit by Denis Shvidki.
4:43 of 2nd period - Minor Penalty to Rick Schofield for Holding.
4:44 of 2nd period - Denis Shvidki wins face-off versus Dustin Byfuglien in Spitfire zone.
4:48 of 2nd period - Snap shot by Mathieu Roy.
4:48 of 2nd period - Stopped by Jhonas Enroth without a rebound.
4:49 of 2nd period - Denis Shvidki wins face-off versus Dustin Byfuglien in Sewer Rats zone.
4:50 of 2nd period - Wrist shot by Kris Beech.
4:50 of 2nd period - Stopped by Jhonas Enroth with a rebound.
4:58 of 2nd period - Snap shot by Dustin Byfuglien.
4:58 of 2nd period - Shot Misses the Net.
5:54 of 2nd period - Ville Leino is hit by Kris Beech and loses puck.
6:42 of 2nd period - Mathieu Roy is hit by Zach Bogosian and loses puck.
6:43 of 2nd period - Penalty to Rick Schofield is over, Rick Schofield is back on ice.
7:43 of 2nd period - Minor Penalty to Matt Lashoff for Interference.
7:44 of 2nd period - Stéphane Yelle wins face-off versus Kris Beech in Sewer Rats zone.
8:14 of 2nd period - Wrist shot by Paul Bissonnette.
8:14 of 2nd period - Shot Misses the Net.
8:59 of 2nd period - Snap shot by Mike Mottau.
8:59 of 2nd period - Stopped by Todd Ford with a rebound.
9:01 of 2nd period - Snap shot by Mike Mottau.
9:01 of 2nd period - Deflect By Niko Dimitrakos.
9:01 of 2nd period - Stopped by Todd Ford with a rebound.
9:03 of 2nd period - Snap shot by Niko Dimitrakos.
9:03 of 2nd period - Goal by Niko Dimitrakos - Spitfire : 1 - Sewer Rats : 3.
9:04 of 2nd period - Rick Schofield wins face-off versus Stéphane Yelle in neutral zone.
9:43 of 2nd period - Penalty to Matt Lashoff is over, Matt Lashoff is back on ice.
9:48 of 2nd period - Slapshot by Paul Bissonnette.
9:48 of 2nd period - Shot Misses the Net.
9:50 of 2nd period - Snap shot by Rick Schofield.
9:50 of 2nd period - Goal by Rick Schofield - Spitfire : 2 - Sewer Rats : 3.
9:51 of 2nd period - Kris Beech wins face-off versus Lars Eller in neutral zone.
10:18 of 2nd period - Off-side.
10:19 of 2nd period - MacGregor Sharp wins face-off versus Dustin Byfuglien in neutral zone.
10:40 of 2nd period - Backhand shot by Dustin Byfuglien.
10:40 of 2nd period - Shot Misses the Net.
10:42 of 2nd period - Snap shot by Kyle Turris.
10:42 of 2nd period - Stopped by Todd Ford with a rebound.
10:44 of 2nd period - Backhand shot by John Erskine.
10:44 of 2nd period - Shot Blocked by Peter Harrold.
10:46 of 2nd period - Snap shot by Max Pacioretty.
10:46 of 2nd period - Stopped by Todd Ford without a rebound.
10:47 of 2nd period - Lars Eller wins face-off versus Kris Beech in Spitfire zone.
11:35 of 2nd period - Snap shot by MacGregor Sharp.
11:35 of 2nd period - Stopped by Jhonas Enroth with a rebound.
11:37 of 2nd period - Slapshot by Danny Syvret.
11:37 of 2nd period - Stopped by Jhonas Enroth with a rebound.
11:39 of 2nd period - Wrist shot by Brad Staubitz.
11:39 of 2nd period - Stopped by Jhonas Enroth without a rebound.
11:40 of 2nd period - Kris Beech wins face-off versus Lars Eller in Sewer Rats zone.
12:09 of 2nd period - Peter Harrold is hit by Dustin Byfuglien and loses puck.
12:57 of 2nd period - Slapshot by Niko Dimitrakos.
12:57 of 2nd period - Shot Misses the Net.
12:59 of 2nd period - Wrist shot by John Erskine.
12:59 of 2nd period - Shot Misses the Net.
13:01 of 2nd period - Wrist shot by Brandon Sutter.
13:01 of 2nd period - Goal by Brandon Sutter - Spitfire : 2 - Sewer Rats : 4.
13:02 of 2nd period - Kris Beech wins face-off versus Kyle Turris in neutral zone.
13:11 of 2nd period - Snap shot by Tim Kennedy.
13:11 of 2nd period - Stopped by Jhonas Enroth without a rebound.
13:12 of 2nd period - Kris Beech wins face-off versus Kyle Turris in Sewer Rats zone.
13:21 of 2nd period - Wrist shot by Kris Beech.
13:21 of 2nd period - Shot Misses the Net.
13:23 of 2nd period - Snap shot by Tim Kennedy.
13:23 of 2nd period - Deflect By Kris Beech.
13:23 of 2nd period - Goal by Kris Beech - Spitfire : 3 - Sewer Rats : 4.
13:24 of 2nd period - Kris Beech wins face-off versus Kyle Turris in neutral zone.
13:31 of 2nd period - Wrist shot by Tim Kennedy.
13:31 of 2nd period - Stopped by Jhonas Enroth with a rebound.
13:33 of 2nd period - Slapshot by Mathieu Roy.
13:33 of 2nd period - Stopped by Jhonas Enroth without a rebound.
13:34 of 2nd period - Kyle Turris wins face-off versus Kris Beech in Sewer Rats zone.
13:34 of 2nd period - Kyle Turris is hit by Denis Shvidki.
13:37 of 2nd period - Minor Penalty to Kyle Turris for Tripping.
13:38 of 2nd period - Kris Beech wins face-off versus Stéphane Yelle in Sewer Rats zone.
14:07 of 2nd period - Dustin Byfuglien is hit by Mathieu Roy and loses puck.
14:20 of 2nd period - Vojtech Polak is hit by Rick Schofield and loses puck.
14:31 of 2nd period - Dustin Byfuglien is hit by Mathieu Roy and loses puck.
15:04 of 2nd period - Snap shot by Mathieu Roy.
15:04 of 2nd period - Stopped by Jhonas Enroth with a rebound.
15:32 of 2nd period - Snap shot by Paul Bissonnette.
15:32 of 2nd period - Shot Blocked by Dustin Byfuglien.
15:37 of 2nd period - Penalty to Kyle Turris is over, Kyle Turris is back on ice.
15:50 of 2nd period - Snap shot by Ville Leino.
15:50 of 2nd period - Stopped by Todd Ford without a rebound.
15:51 of 2nd period - Lars Eller wins face-off versus Kris Beech in Spitfire zone.
15:54 of 2nd period - Snap shot by Ville Leino.
15:54 of 2nd period - Shot Blocked by Denis Shvidki.
16:11 of 2nd period - Icing by Denis Shvidki.
16:12 of 2nd period - Kris Beech wins face-off versus Stéphane Yelle in Spitfire zone.
16:17 of 2nd period - Matt Lashoff is hit by Kris Beech and loses puck.
16:28 of 2nd period - Wrist shot by Mark Mancari.
16:28 of 2nd period - Stopped by Todd Ford without a rebound.
16:29 of 2nd period - Kyle Turris wins face-off versus MacGregor Sharp in Spitfire zone.
16:34 of 2nd period - Wrist shot by Dustin Byfuglien.
16:34 of 2nd period - Deflect By Max Pacioretty.
16:34 of 2nd period - Stopped by Todd Ford without a rebound.
16:35 of 2nd period - MacGregor Sharp wins face-off versus Kyle Turris in Spitfire zone.
16:44 of 2nd period - Wrist shot by Dustin Byfuglien.
16:44 of 2nd period - Shot Blocked by Brad Staubitz.
16:46 of 2nd period - Slapshot by Kyle Turris.
16:46 of 2nd period - Stopped by Todd Ford with a rebound.
16:48 of 2nd period - Snap shot by Dustin Byfuglien.
16:48 of 2nd period - Goal by Dustin Byfuglien - Spitfire : 3 - Sewer Rats : 5.
16:49 of 2nd period - Kris Beech wins face-off versus Kyle Turris in neutral zone.
17:16 of 2nd period - Off-side.
17:17 of 2nd period - Brandon Sutter wins face-off versus Rick Schofield in neutral zone.
17:20 of 2nd period - Slapshot by Matt Lashoff.
17:20 of 2nd period - Shot Blocked by Rick Schofield.
17:38 of 2nd period - Minor Penalty to Patrick Bordeleau for Interference.
17:39 of 2nd period - Kris Beech wins face-off versus Stéphane Yelle in Sewer Rats zone.
17:48 of 2nd period - Snap shot by Denis Shvidki.
17:48 of 2nd period - Stopped by Jhonas Enroth with a rebound.
17:50 of 2nd period - Slapshot by Peter Harrold.
17:50 of 2nd period - Shot Blocked by Stéphane Yelle.
17:54 of 2nd period - Wrist shot by Denis Shvidki.
17:54 of 2nd period - Shot Misses the Net.
18:08 of 2nd period - Peter Harrold is hit by John-Michael Liles and loses puck.
18:18 of 2nd period - Icing by Mathieu Roy.
18:19 of 2nd period - Rick Schofield wins face-off versus Niko Dimitrakos in Spitfire zone.
18:26 of 2nd period - Slapshot by Peter Harrold.
18:26 of 2nd period - Shot Misses the Net.
18:28 of 2nd period - Snap shot by Kris Beech.
18:28 of 2nd period - Shot Misses the Net.
18:30 of 2nd period - Slapshot by Denis Shvidki.
18:30 of 2nd period - Shot Misses the Net.
18:32 of 2nd period - Wrist shot by Tim Kennedy.
18:32 of 2nd period - Deflect By Denis Shvidki.
18:32 of 2nd period - Stopped by Jhonas Enroth with a rebound.
18:34 of 2nd period - Slapshot by Mathieu Roy.
18:34 of 2nd period - Goal by Mathieu Roy - Spitfire : 4 - Sewer Rats : 5.
18:35 of 2nd period - Kris Beech wins face-off versus Kyle Turris in neutral zone.
18:46 of 2nd period - Slapshot by John-Michael Liles.
18:46 of 2nd period - Stopped by Todd Ford without a rebound.
18:47 of 2nd period - Kris Beech wins face-off versus Kyle Turris in Spitfire zone.
18:47 of 2nd period - Peter Harrold is hit by Zach Bogosian and loses puck.
18:53 of 2nd period - Mathieu Roy is hit by Zach Bogosian and loses puck.
18:59 of 2nd period - Minor Penalty to Dustin Byfuglien for Slashing.
19:00 of 2nd period - Vojtech Polak wins face-off versus Kris Beech in Sewer Rats zone.
Goals for this period are 3 for Spitfire vs 5 for Sewer Rats.
Shots for this period are 15 for Spitfire vs 18 for Sewer Rats.
3rd period
0:01 of 3rd period - Vojtech Polak wins face-off versus Kris Beech in neutral zone.
0:59 of 3rd period - Penalty to Dustin Byfuglien is over, Dustin Byfuglien is back on ice.
1:10 of 3rd period - Ville Leino is hit by MacGregor Sharp and loses puck.
2:01 of 3rd period - Vojtech Polak is hit by Denis Shvidki and loses puck.
2:18 of 3rd period - Keaton Ellerby is hit by John-Michael Liles and loses puck.
2:23 of 3rd period - Slapshot by Ville Leino.
2:23 of 3rd period - Stopped by Todd Ford without a rebound.
2:24 of 3rd period - Lars Eller wins face-off versus Kris Beech in Spitfire zone.
2:45 of 3rd period - Minor Penalty to Andrew Campbell for Hooking.
2:46 of 3rd period - Max Pacioretty wins face-off versus Denis Shvidki in Spitfire zone.
3:17 of 3rd period - Slapshot by John-Michael Liles.
3:17 of 3rd period - Stopped by Todd Ford with a rebound.
4:45 of 3rd period - Penalty to Andrew Campbell is over, Andrew Campbell is back on ice.
7:09 of 3rd period - Brad Staubitz is hit by Patrick Bordeleau and loses puck.
7:20 of 3rd period - Wrist shot by Stéphane Yelle.
7:20 of 3rd period - Shot Misses the Net.
7:52 of 3rd period - Steven Kampfer is hit by Matt Delahey and loses puck.
8:17 of 3rd period - Kyle Turris is hit by Mathieu Roy and loses puck.
9:17 of 3rd period - Slapshot by Stéphane Yelle.
9:17 of 3rd period - Shot Misses the Net.
9:47 of 3rd period - Denis Shvidki is hit by Patrick Bordeleau and loses puck.
10:29 of 3rd period - Stéphane Yelle is hit by Kris Beech and loses puck.
10:36 of 3rd period - Tim Kennedy is hit by Mark Mancari and loses puck.
11:22 of 3rd period - Minor Penalty to Mike Mottau for Hooking.
11:23 of 3rd period - Stéphane Yelle wins face-off versus Kris Beech in Sewer Rats zone.
11:31 of 3rd period - Backhand shot by Kris Beech.
11:31 of 3rd period - Shot Hit the Post.
11:33 of 3rd period - Wrist shot by Tim Kennedy.
11:33 of 3rd period - Shot Blocked by Stéphane Yelle.
11:35 of 3rd period - Slapshot by Mathieu Roy.
11:35 of 3rd period - Goal by Mathieu Roy - Spitfire : 5 - Sewer Rats : 5.
11:36 of 3rd period - Kris Beech wins face-off versus Kyle Turris in neutral zone.
11:41 of 3rd period - Snap shot by Denis Shvidki.
11:41 of 3rd period - Shot Misses the Net.
11:43 of 3rd period - Snap shot by Kris Beech.
11:43 of 3rd period - Stopped by Jhonas Enroth with a rebound.
12:26 of 3rd period - Minor Penalty to John-Michael Liles for Elbowing.
12:27 of 3rd period - Kris Beech wins face-off versus Stéphane Yelle in Sewer Rats zone.
12:29 of 3rd period - Wrist shot by Kris Beech.
12:29 of 3rd period - Shot Blocked by Dustin Byfuglien.
12:31 of 3rd period - Snap shot by Tim Kennedy.
12:31 of 3rd period - Shot Misses the Net.
12:35 of 3rd period - Wrist shot by Kris Beech.
12:35 of 3rd period - Shot Misses the Net.
12:37 of 3rd period - Slapshot by Peter Harrold.
12:37 of 3rd period - Stopped by Jhonas Enroth without a rebound.
12:38 of 3rd period - Kris Beech wins face-off versus Stéphane Yelle in Sewer Rats zone.
13:09 of 3rd period - Slapshot by Mathieu Roy.
13:09 of 3rd period - Stopped by Jhonas Enroth with a rebound.
13:11 of 3rd period - Slapshot by Mathieu Roy.
13:11 of 3rd period - Shot Blocked by Vojtech Polak.
13:13 of 3rd period - Snap shot by Paul Bissonnette.
13:13 of 3rd period - Deflect By Rick Schofield.
13:13 of 3rd period - Shot Blocked by Niko Dimitrakos.
13:13 of 3rd period - Puck is out of play.
13:14 of 3rd period - Kris Beech wins face-off versus Stéphane Yelle in Sewer Rats zone.
13:23 of 3rd period - Snap shot by Denis Shvidki.
13:23 of 3rd period - Stopped by Jhonas Enroth with a rebound.
13:25 of 3rd period - Wrist shot by Danny Syvret.
13:25 of 3rd period - Shot Blocked by Matt Lashoff.
14:26 of 3rd period - Penalty to John-Michael Liles is over, John-Michael Liles is back on ice.
14:56 of 3rd period - Slapshot by Brandon Sutter.
14:56 of 3rd period - Goal by Brandon Sutter - Spitfire : 5 - Sewer Rats : 6.
14:57 of 3rd period - Lars Eller wins face-off versus Rick Schofield in neutral zone.
15:07 of 3rd period - Wrist shot by Ville Leino.
15:07 of 3rd period - Shot Blocked by Rick Schofield.
15:09 of 3rd period - Slapshot by Zach Bogosian.
15:09 of 3rd period - Stopped by Todd Ford without a rebound.
15:10 of 3rd period - Kyle Turris wins face-off versus MacGregor Sharp in Spitfire zone.
15:25 of 3rd period - Snap shot by Dustin Byfuglien.
15:25 of 3rd period - Stopped by Todd Ford with a rebound.
15:35 of 3rd period - Brad Staubitz is hit by Niko Dimitrakos and loses puck.
15:58 of 3rd period - Slapshot by Mathieu Roy.
15:58 of 3rd period - Stopped by Jhonas Enroth with a rebound.
16:08 of 3rd period - Wrist shot by Radek Smolenak.
16:08 of 3rd period - Shot Blocked by Mike Mottau.
16:16 of 3rd period - Slapshot by Mathieu Roy.
16:16 of 3rd period - Shot Misses the Net.
16:18 of 3rd period - Wrist shot by MacGregor Sharp.
16:18 of 3rd period - Goal by MacGregor Sharp - Spitfire : 6 - Sewer Rats : 6.
16:19 of 3rd period - Kyle Turris wins face-off versus Denis Shvidki in neutral zone.
16:30 of 3rd period - Danny Syvret is hit by Kyle Turris and loses puck.
17:10 of 3rd period - Off-side.
17:11 of 3rd period - Kris Beech wins face-off versus Kyle Turris in neutral zone.
17:17 of 3rd period - Icing by Matt Lashoff.
17:18 of 3rd period - Kris Beech wins face-off versus Max Pacioretty in Sewer Rats zone.
17:58 of 3rd period - Icing by Peter Harrold.
17:59 of 3rd period - Kyle Turris wins face-off versus MacGregor Sharp in Spitfire zone.
18:37 of 3rd period - Slapshot by Danny Syvret.
18:37 of 3rd period - Shot Blocked by Mark Mancari.
18:39 of 3rd period - Slapshot by Keaton Ellerby.
18:39 of 3rd period - Shot Misses the Net.
18:41 of 3rd period - Wrist shot by Radek Smolenak.
18:41 of 3rd period - Shot Misses the Net.
18:43 of 3rd period - Slapshot by Keaton Ellerby.
18:43 of 3rd period - Stopped by Jhonas Enroth with a rebound.
18:45 of 3rd period - Slapshot by Danny Syvret.
18:45 of 3rd period - Shot Misses the Net.
18:47 of 3rd period - Slapshot by Keaton Ellerby.
18:47 of 3rd period - Stopped by Jhonas Enroth without a rebound.
18:48 of 3rd period - Brandon Sutter wins face-off versus Denis Shvidki in Sewer Rats zone.
19:00 of 3rd period - Minor Penalty to Patrick Bordeleau for Hooking.
19:01 of 3rd period - Stéphane Yelle wins face-off versus Kris Beech in Sewer Rats zone.
19:15 of 3rd period - Wrist shot by Peter Harrold.
19:15 of 3rd period - Deflect By Dustin Byfuglien.
19:15 of 3rd period - Goal by Peter Harrold - Spitfire : 7 - Sewer Rats : 6.
19:16 of 3rd period - Kris Beech wins face-off versus Kyle Turris in neutral zone.
19:29 of 3rd period - Sewer Rats, Jhonas Enroth is pulled from the net.
19:35 of 3rd period - Slapshot by Max Pacioretty.
19:35 of 3rd period - Shot Misses the Net.
19:37 of 3rd period - Snap shot by Dustin Byfuglien.
19:37 of 3rd period - Shot Misses the Net.
19:39 of 3rd period - Wrist shot by Dustin Byfuglien.
19:39 of 3rd period - Stopped by Todd Ford without a rebound.
19:40 of 3rd period - Dale Hunter call a timeout for Sewer Rats.
19:40 of 3rd period - Kyle Turris wins face-off versus Tim Kennedy in Spitfire zone.
19:43 of 3rd period - Snap shot by Max Pacioretty.
19:43 of 3rd period - Stopped by Todd Ford with a rebound.
19:45 of 3rd period - Wrist shot by John-Michael Liles.
19:45 of 3rd period - Shot Misses the Net.
19:47 of 3rd period - Wrist shot by John-Michael Liles.
19:47 of 3rd period - Deflect By Max Pacioretty.
19:47 of 3rd period - Shot Misses the Net.
19:47 of 3rd period - Puck is out of play.
19:48 of 3rd period - Kris Beech wins face-off versus Kyle Turris in Spitfire zone.
Goals for this period are 3 for Spitfire vs 1 for Sewer Rats.
Shots for this period are 10 for Spitfire vs 7 for Sewer Rats.
Output by the SimonT Hockey Simulator (STHS) for François Prévost -- Original Page W3C XHTML 1.0 Valid